 Dungeon Crawl Stone Soup version 0.21.0-25-ge575cb9 (webtiles) character file.

114 Monsterracer the Ducker (level 4, -2/41 HPs)
             Began as a Minotaur Gladiator on Jan 26, 2018.
             Slain by a gnoll
             ... wielding a +0 halberd
              (9 damage)
             ... on level 3 of the Dungeon.
             The game lasted 00:03:39 (3079 turns).

Monsterracer the Ducker (Minotaur Gladiator)        Turns: 3079, Time: 00:03:40

Health: -2/41      AC:  5    Str: 19    XL:     4   Next: 67%
Magic:  3/3        EV: 13    Int:  5    God:
Gold:   75         SH:  0    Dex: 12    Spells: 3/3 levels left

rFire    + . .     SeeInvis .   a - +0 long sword {!a}
rCold    + . .     Gourm    .   (no shield)
rNeg     . . .     Faith    .   e - +0 ring mail
rPois    .         Spirit   .   f - +0 hat
rElec    .         Reflect  .   m - scarf {rC+ rF+}
rCorr    .         Harm     .   (no gloves)
MR       .....                  (no boots)
Stlth    +.........             (no amulet)
HPRegen  0.13/turn              (no ring)
MPRegen  0.08/turn              (no ring)

@: no status effects
A: retaliatory headbutt, horns 2
a: no special abilities


You were on level 3 of the Dungeon.
You were hungry.

You visited 1 branch of the dungeon, and saw 3 of its levels.

You collected 75 gold pieces.

Inventory:

Hand Weapons
 a - a +0 long sword (weapon) {!a}
Missiles
 d - 3 throwing nets (quivered)
Armour
 e - a +0 ring mail (worn)
 f - a +0 hat (worn)
 m - a scarf of resistance (worn)
Jewellery
 b - an uncursed ring of stealth {unknown}
 o - a cursed amulet of inaccuracy {unknown}
Scrolls
 g - a scroll of fog {unknown}
 i - a scroll of remove curse {unknown}
 j - a scroll of enchant armour {unknown}
 p - a scroll of identify {unknown}
Potions
 h - a potion of degeneration {unknown}
 k - 3 potions of haste {unknown}
 l - a potion of ambrosia {!q}
 n - a potion of agility {unknown}
Comestibles
 c - 4 rations


   Skills:
 + Level 4.5 Fighting
 - Level 3.6 Long Blades
 - Level 2.0 Throwing
 + Level 4.8 Dodging


You had 3 spell levels left.
You didn't know any spells.

Dungeon Overview and Level Annotations

Branches:
Dungeon (2/15)

Altars:
Dithmenos
Elyvilon
Ru


Innate Abilities, Weirdness & Mutations

You reflexively headbutt those who attack you in melee.
You have a pair of horns on your head.


Message History

You see here 15 gold pieces.
You now have 64 gold pieces (gained 15).
The gnoll closely misses you. The gnoll hits you with a spear.
You take 3 damage, and have 37/40 hp.
The gnoll hits you from afar with a spear.
You take 1 damage, and have 36/40 hp.
You see here a scroll labeled IKLUHIOTIN.
The ball python closely misses you. The ball python misses you.
Found a chain mail.
Found an escape hatch in the floor.
A kobold comes into view.
The kobold shouts!
Found 2 ruby potions.
The kobold barely misses you. The ball python closely misses you.
The ball python grabs you. The ball python constricts you.
The kobold closely misses you.
You escape the ball python's grasp.
The kobold hits you but does no damage. The ball python closely misses you.
The ball python misses you.
There is an escape hatch in the floor here.
You see here 2 ruby potions.
k - 3 ruby potions (gained 2)
The ball python barely misses you. The ball python grabs you.
The ball python constricts you.
The gnoll hits you from afar with a spear.
The kobold hits you but does no damage.
You take 5 damage, and have 34/40 hp.
The ball python's grasp on you weakens, but your attempt to escape fails.
The ball python barely misses you. You furiously retaliate!
You headbutt the ball python.
You kill the ball python!
The gnoll closely misses you. The kobold barely misses you.
You furiously retaliate!
You headbutt the kobold!
You kill the kobold!
Found 11 gold pieces.
You see here 11 gold pieces.
You now have 75 gold pieces (gained 11).
The gnoll completely misses you.
Found 9 poisoned needles.
You see here 9 poisoned needles.
Found 27 stones.
The gnoll closely misses you.
The gnoll hits you from afar with a spear.
You take 3 damage, and have 36/40 hp.
Found a runed brass amulet.
Found 13 gold pieces.
A gnoll comes into view. It is wielding a halberd.
The gnoll shouts!
The gnoll zaps a wand.
You are blasted!
It is a wand of disintegration (20).
A giant cockroach comes into view.
You see here a runed brass amulet.
You take 8 damage, and have 29/40 hp.
o - a runed brass amulet The gnoll hits you from afar with a spear!
* * * LOW HITPOINT WARNING * * *
The gnoll zaps a wand.
You are blasted!
* * * LOW HITPOINT WARNING * * *
You take 23 damage, and have 6/40 hp.
MASSIVE DAMAGE!!
The gnoll hits you but does no damage. The gnoll closely misses you.
The goblin misses you.
The giant cockroach waves its antennae.
The orc barely misses you. The gnoll closely misses you.
You are feeling hungry.
The giant cockroach closely misses you. The giant cockroach closely misses you.
You furiously retaliate!
You headbutt the giant cockroach. The giant cockroach misses you.
The orc closely misses you.
You riposte.
You slash the orc!
You kill the orc!
Found a robe.
A hound comes into view.
The hound barks!
You hear a shout!
You hear a bark!
A kobold comes into view. It is wielding a dagger.
The hound misses you. You furiously retaliate!
You headbutt the hound.
The giant cockroach completely misses you.
Found a white marble altar of Elyvilon.
The hound closely misses you. You furiously retaliate!
You headbutt the hound!
You kill the hound!
A bat and a jackal come into view.
A jackal comes into view.
The jackal barks!
The kobold throws a stone.
The stone closely misses you.
You see here a stone.
A gnoll comes into view. It is wielding a whip of electrocution.
The gnoll shouts!
You hear a bark!
The bat hits you but does no damage.
The kobold throws a stone.
The stone hits you but does no damage.
You see here a stone.
Okay, then.
The bat hits you but does no damage. The giant cockroach closely misses you.
The bat hits you.
* * * LOW HITPOINT WARNING * * *
Found an escape hatch in the ceiling.
A jackal comes into view.
You take 1 damage, and have 6/41 hp.
The bat hits you but does no damage.
A gnoll comes into view. It is wielding a flail of crushing.
The gnoll shouts!
The bat hits you but does no damage.
The gnoll hits you from afar with a halberd!
You die...

###### ##. # #
.......#..[. .#.# ... .
##≈###.#.#.##.#.##.#<.##
.#≈#.# ..#...... .......
.#≈#.###.#....# ..#....
.#≈#....$.....# .....##
.#≈#.###......# ......#
.#≈#.#..)....####......g
##≈###.......##.@h...h..
.......###..g##h#b.g..#.
...#.......g..g(........
..............g.#.⌠.⌠.#.
...#..............K.....
.#########...##.#.....#.
.# #...##...._.... ##
#...##.#.....#.
#...##........


You could see 3 gnolls, 3 jackals, a goblin, a bat and a kobold.

Vanquished Creatures
  A hound (D:3)
  A worker ant (D:1)
  An ooze (D:1)
  2 worms (D:2)
  An orc (D:3)
  5 giant cockroaches
  5 goblins
  8 hobgoblins
  6 jackals
  7 kobolds
  A ball python (D:3)
  4 bats
  A frilled lizard (D:1)
  3 rats
46 creatures vanquished.

Notes
Turn   | Place    | Note
-------+----------+-------------------------------------------
     0 | D:1      | Monsterracer the Minotaur Gladiator began the quest for the Orb.
     0 | D:1      | Reached XP level 1. HP: 18/18 MP: 0/0
   429 | D:1      | HP: 9/18 [goblin/dagger (3)]
   604 | D:1      | Reached XP level 2. HP: 26/26 MP: 1/1
  1137 | D:1      | Reached XP level 3. HP: 25/31 MP: 2/2
  1350 | D:2      | Found a sacrificial altar of Ru.
  1586 | D:2      | HP: 11/33 [worm (9)]
  1985 | D:1      | HP: 16/33 [poisoned by a worker ant]
  1992 | D:1      | HP: 14/33 [poisoned by a worker ant]
  1998 | D:1      | HP: 10/33 [worker ant (3)]
  2003 | D:1      | HP: 9/33 [poisoned by a worker ant]
  2011 | D:1      | HP: 6/33 [worker ant (3)]
  2420 | D:2      | Reached XP level 4. HP: 40/40 MP: 3/3
  2485 | D:2      | Found a shadowy altar of Dithmenos.
  2739 | D:2      | HP: 18/40 [worm (8)]
  2984 | D:2      | You fall through a shaft!
  3064 | D:3      | HP: 20/40 [gnoll/spear (10)]
  3064 | D:3      | HP: 6/40 [disintegration (14)]
  3073 | D:3      | Found a white marble altar of Elyvilon.
  3077 | D:3      | HP: 6/41 [bat (1)]
  3079 | D:3      | Slain by a gnoll

Skill      XL: |  1  2  3 |
---------------+----------+-----
Fighting       | 3 4 |  4.5
Dodging        | 4 |  4.8
Long Blades    | |  3.6
Throwing       | |  2.0

Action                   |  1- 3 |  4- 6 || total
-------------------------+-------+-------++-------
Melee: Headbutt          |     6 |     6 ||    12
       Long sword        |     1 |       ||     1
  Use: Potion            |     1 |       ||     1
  Eat: Chunk             |     4 |     2 ||     6
Armor: Ring mail         |    71 |    18 ||    89
       Leather armour    |     1 |       ||     1
Dodge: Dodged            |   160 |    70 ||   230
       Rpst.: Long sword |    46 |    17 ||    63

Vault maps used:
D:1:      lemuel_arrival_tunnels, grunt_decor_fettered
D:2:      lemuel_round_altar, nicolae_ru_sacrificial_ziggurat
D:3:      elyvilon_altar_5, grunt_qazlal_clouds, grunt_decor_cap, st_stairs_7,
          minmay_misc_feat_columns, uniq_sigmund
